 Dungeon Crawl Stone Soup version 0.27.1-16-g815e20cd7a (webtiles) character file.

Game seed: 8660545494256376819

905 Descartes the Nimble (level 7, -8/33 HPs)
             Began as a Felid Wanderer on Nov 22, 2021.
             Splashed by a jelly's acid (9 damage)
             ... on level 6 of the Dungeon.
             The game lasted 00:17:59 (9932 turns).

Descartes the Nimble (Felid Wanderer)               Turns: 9932, Time: 00:18:01

Health: -8/33      AC: -6    Str: 10    XL:     7   Next: 80%
Magic:  8/8        EV: 26    Int: 14    God:
Gold:   288        SH:  0    Dex: 23    Spells: 6/6 levels left
                                        Lives:  0   Deaths: 2

rFire    . . .     SeeInvis +     - Unarmed
rCold    . . .     Faith    .   (shield unavailable)
rNeg     . . .     Spirit   .   (armour unavailable)
rPois    .         Reflect  .   (helmet unavailable)
rElec    .         Harm     .   (cloak unavailable)
rCorr    .         Rampage  .   (gloves unavailable)
Will     +....                  (boots unavailable)
Stlth    ++++......             (no amulet)
HPRegen  0.11/turn              i - +6 ring of dexterity
MPRegen  0.11/turn              j - ring of wizardry

@: corroded, quick
A: very small, claws 1, fangs 3, see invisible, speed 1, shaggy fur 2, stealthy
paws, no weapons or thrown items, no armour, multi-lived, agile 1
a: no special abilities


You were on level 6 of the Dungeon.
You visited 2 branches of the dungeon, and saw 7 of its levels.

You collected 288 gold pieces.

Inventory:

Missiles
 f - 178 stones
Jewellery
 i - a +6 ring of dexterity (left paw)
 j - a ring of wizardry (right paw)
Wands
 e - a wand of polymorph (9)
 m - a wand of flame (10)
Scrolls
 b - a scroll of fear
 c - 7 scrolls of teleportation
 g - 3 scrolls of amnesia
 h - a scroll of identify
 l - a scroll of holy word
Potions
 a - 3 potions of haste
 d - a potion of lignification
 k - a potion of cancellation {unknown}
 o - a potion of ambrosia
 p - a potion of flight


   Skills:
 + Level 5.1 Fighting
 - Level 10.0 Dodging
 + Level 8.1 Stealth
 + Level 5.1 Unarmed Combat
 - Level 5.0 Evocations


You had 6 spell levels left.
You didn't know any spells.
Your spell library contained the following spells:

 Spells                   Type           Power      Damage    Failure   Level
 Foxfire                  Conj/Fire      0%         2x1d4     12%         1
 Conjure Flame            Conj/Fire      0%         6-21      32%         3
 Inner Flame              Hex/Fire       0%         N/A       32%         3
 Dispersal                Tloc           0%         N/A       100%        6
 Disjunction              Tloc           0%         N/A       100%        8


Dungeon Overview and Level Annotations

Branches:
Dungeon (6/15)             Temple (1/1) D:6

Altars:
Ashenzari
Cheibriados
Dithmenos
Elyvilon
Fedhas
Gozag
Hepliaklqana
Makhleb
Nemelex Xobeh
Okawaru
Qazlal
Ru
Sif Muna
Trog
Uskayaw
Vehumet
Wu Jian
Yredelemnul
The Shining One

Shops:
D:1 :   D:4 (   D:6 (


Innate Abilities, Weirdness & Mutations

You have sharp claws.
You have razor-sharp teeth.
You have supernaturally acute eyesight. (SInv)
You cover ground quickly. (Speed+)
You are covered in thick fur. (AC +2)
Your paws help you pounce on unaware monsters.
You are incapable of wielding weapons or throwing items.
You cannot wear armour.
You gain extra lives every three experience levels.
You are agile. (Dex +2)


Message History

The jelly is moderately wounded.
The jelly completely misses you.
You scratch the jelly but do no damage.
Your paws burn!
You bite the jelly, but do no damage.
The jelly is moderately wounded.
The jelly closely misses you.
You completely miss the jelly. You bite the jelly.
The jelly is heavily wounded.
The jelly hits you. The acid corrodes you!
You are splashed with acid.
You scratch the jelly but do no damage.
Your paws burn!
The jelly is heavily wounded.
The jelly closely misses you.
You are too injured to fight recklessly!
You are too injured to fight recklessly!
You barely miss the jelly.
The jelly is heavily wounded.
You scratch the jelly but do no damage.
Your paws burn!
The jelly is heavily wounded.
The jelly misses you.
You scratch the jelly but do no damage.
Your paws burn!
* * * LOW HITPOINT WARNING * * *
You bite the jelly, but do no damage.
The jelly is heavily wounded.
The jelly misses you.
You scratch the jelly but do no damage.
Your paws burn!
* * * LOW HITPOINT WARNING * * *
You claw the jelly.
The jelly is heavily wounded.
The jelly barely misses you.
You scratch the jelly but do no damage.
Your paws burn!
* * * LOW HITPOINT WARNING * * *
The jelly is heavily wounded.
The jelly misses you.
You scratch the jelly. The acid corrodes you!
Your paws burn!
* * * LOW HITPOINT WARNING * * *
The jelly is severely wounded.
The jelly hits you.
* * * LOW HITPOINT WARNING * * *
You are splashed with acid!
You die...

#.............###
.#.).............###
..........#♣.......#
...................# #.
..........♣∩♣......#...
......##...............
......###..♣...........
.##...#####.#..........
##............@.......
#..........#..>J......
##.........#........##
..#...........#)#....##
......o..#.##.'_'....##
..#.#..###....#'#......
#.###.g...#.......#..###
#..##.....##.....#####
...##.....###.####


You could see a jelly.

Vanquished Creatures
  Grinder (D:5)
  2 sky beasts
  2 ice beasts
  An orc warrior (D:5)
  A black bear (D:6)
  2 ogres
  2 necrophages (D:5)
  A phantom (D:5)
  A scorpion (D:5)
  A water moccasin skeleton (D:3)
  A howler monkey (D:6)
  A centaur zombie (D:6)
  A bullfrog zombie (D:6)
  A hound (D:4)
  An orc priest (D:6)
  A centaur skeleton (D:6)
  2 gnoll shamans (D:5)
  Ijyb (D:4)
  A scorpion zombie (D:5)
  3 iguanas
  2 orc wizards (D:5)
  A howler monkey zombie (D:5)
  Robin (D:4)
  12 gnolls
  4 adders
  A shadow imp (D:5)
  3 adder skeletons (D:4)
  A dart slug (D:4)
  9 orcs
  9 ball pythons
  8 endoplasms
  15 goblins
  8 hobgoblins
  8 quokkas
  4 bats
  3 frilled lizards
  3 kobolds
  5 rats
124 creatures vanquished.

Notes
Turn   | Place    | Note
-------+----------+-------------------------------------------
     0 | D:1      | Descartes the Felid Wanderer began the quest for the Orb.
     0 | D:1      | Descartes set off with the following items: a potion of
                  | haste, a potion of berserk rage, a scroll of teleportation,
                  | a potion of lignification
     0 | D:1      | Reached XP level 1. HP: 11/11 MP: 2/2
   329 | D:1      | Reached skill level 2 in Dodging
   640 | D:1      | Reached XP level 2. HP: 9/15 MP: 3/3
   774 | D:1      | Found Qioq's Book Boutique.
   945 | D:1      | Found a faded altar of an unknown god.
  1457 | D:2      | Reached skill level 3 in Dodging
  1457 | D:2      | Reached XP level 3. HP: 17/18 MP: 4/4
  3088 | D:3      | Reached XP level 4. HP: 22/22 MP: 5/5
  3610 | D:3      | Reached skill level 4 in Dodging
  3822 | D:4      | Noticed a sky beast
  3982 | D:4      | Reached XP level 5. HP: 25/25 MP: 6/6
  4047 | D:4      | Noticed Robin
  4474 | D:4      | Killed a sky beast
  4475 | D:4      | Reached skill level 5 in Dodging
  4475 | D:4      | Reached skill level 5 in Unarmed Combat
  4475 | D:4      | Reached skill level 6 in Dodging
  4475 | D:4      | Gained mutation: You are covered in thick fur. (AC +2)
                  | [Felid growth]
  4475 | D:4      | Reached XP level 6. HP: 5/28 MP: 7/7
  4794 | D:4      | Noticed Ijyb
  4798 | D:4      | Killed Ijyb
  5062 | D:4      | Found Xuer's Antique Weapon Emporium.
  5082 | D:4      | Reached skill level 7 in Dodging
  5186 | D:5      | Entered Level 5 of the Dungeon
  5186 | D:5      | Noticed an ice beast
  5192 | D:5      | Slain by an ice beast
  5193 | D:5      | Reached XP level 5. HP: -5/25 MP: 6/6
  5193 | D:5      | Found an ornate altar of the Wu Jian Council.
  5247 | D:5      | Noticed a phantom
  5388 | D:4      | Killed Robin
  5558 | D:5      | Killed an ogre
  5559 | D:5      | Reached skill level 8 in Dodging
  5559 | D:5      | Reached XP level 6. HP: 24/28 MP: 7/7
  5800 | D:5      | Reached skill level 9 in Dodging
  6386 | D:5      | Killed an ice beast
  6387 | D:5      | Reached XP level 7. HP: 21/32 MP: 8/8
  6899 | D:5      | Reached skill level 10 in Dodging
  6976 | D:5      | Found a glowing golden altar of the Shining One.
  7206 | D:5      | Noticed Grinder
  7230 | D:5      | Killed Grinder
  7412 | D:5      | Reached skill level 5 in Stealth
  7412 | D:5      | Reached XP level 8. HP: 5/36 MP: 9/9
  7682 | D:6      | Found a staircase to the Ecumenical Temple.
  7697 | Temple   | Entered the Ecumenical Temple
  8433 | D:5      | Reached skill level 5 in Evocations
  8741 | D:5      | Reached skill level 5 in Fighting
  9776 | D:5      | Gained mutation: You are agile. (Dex +2) [potion of
                  | mutation]
  9872 | D:6      | Found a burning altar of Makhleb.
  9896 | D:6      | HP: 1/37 [orc wizard/magic dart (7)]
  9913 | D:6      | Slain by a gnoll
  9914 | D:6      | Reached XP level 7. HP: -1/33 MP: 8/8
  9915 | D:6      | Found Qixak's Antique Weapon Boutique.
  9932 | D:6      | HP: 1/33 [acid (3)]
  9932 | D:6      | Splashed by a jelly's acid

Illustrated notes

Levels and vault maps discovered:
D:1:      scummos_arrival_gate, layout_basic,
          hellmonk_ecumenical_altar_arch_garden, serial_shops,
          nicolae_diamond_shop
D:2:      layout_loops_ring
D:3:      layout_rooms
D:4:      layout_basic, kennysheep_windowed_goal, uniq_ijyb, uniq_robin
D:5:      layout_rooms, mainiacjoe_overflow_catch_the_wave, uniq_grinder
D:6:      layout_cave_pools, kennysheep_mini, minmay_temple_entry_tees,
          serial_shops, nicolae_shop_trees
Temple:   regret_index_temple_sphere_string

Skill      XL: |  1  2  3  4  5  6  7  8 |
---------------+-------------------------+-----
Dodging        | 2 3 4 8 9 10 | 10.0
Unarmed Combat | 4 5 |  5.1
Stealth        | 5 8 |  8.1
Evocations     | 4 5 |  5.0
Fighting       | 5 |  5.1

Action                   |  1- 3 |  4- 6 |  7- 9 || total
-------------------------+-------+-------+-------++-------
Melee: Unarmed           |   116 |   176 |   273 ||   565
       Punch             |     2 |     4 |    12 ||    18
       Bite              |    15 |    20 |    41 ||    76
Evoke: Wand              |       |     5 |     1 ||     6
  Use: Potion            |     1 |     2 |     2 ||     5
       Scroll            |       |       |     8 ||     8
 Stab: Sleeping          |     5 |     7 |     2 ||    14
Armor: Skin              |     6 |     5 |    10 ||    21
Dodge: Dodged            |    70 |   143 |   323 ||   536
